 Dungeon Crawl Stone Soup version 0.30-a0-141-g30f27751c5 (webtiles) character file.

Game seed: 1941416390954955476

329 Sobieck the Cutter (level 6, -4/30 HPs)
             Began as a Vine Stalker Gladiator on Sept 25, 2022.
             Slain by a wraith (8 damage)
             ... in an ossuary.
             The game lasted 00:09:17 (3434 turns).

Sobieck the Cutter (Vine Stalker Gladiator)         Turns: 3434, Time: 00:09:18

Health: -4/30      AC: 12    Str: 16    XL:     6   Next: 51%
Magic:  0/7        EV:  9    Int: 12    God:
Gold:   142        SH:  0    Dex: 16    Spells: 5/5 levels left

rFire   + . .      SeeInvis .    a - +3 rapier {short}
rCold   + + .      Faith    .    (no shield)
rNeg    . . .      Spirit   +    B - +0 ice dragon scales
rPois   .          Reflect  .    c - +1 helmet
rElec   .          Harm     .    (no cloak)
rCorr   .          Rampage  .    k - +0 pair of gloves
Will    .....                    (no boots)
Stlth   +.........               (no amulet)
HPRegen 1.70/turn                t - ring of protection from fire
MPRegen 0.10/turn                (no ring)

@: slowed, unable to drink, very slow
A: fangs 2, regeneration 2, magic shield, antimagic bite, no potion heal 2,
clever 1, fire resistance 1, inability to drink after injury 1
a: no special abilities


You were in an ossuary.
You visited 1 branch of the dungeon, and saw 4 of its levels.
You also visited: Ossuary.

You collected 142 gold pieces.


Innate Abilities, Weirdness & Mutations

You have extremely sharp teeth.
You heal very quickly.
When hurt, damage is shared between your health and your magic reserves.
Your bite disrupts and absorbs the magic of your enemies.
Potions cannot restore your health.
Your mind is acute. (Int +4, Str/Dex -1)
Your flesh is heat resistant. (rF+)
You occasionally lose the ability to drink potions when taking damage.


   Skills:
 - Level 1.7 Fighting
 + Level 5.3 Short Blades
 - Level 1.7 Throwing
 - Level 2.4 Dodging
 - Level 5.0 Stealth


You had 5 spell levels left.
You didn't know any spells.
Your spell library contained the following spells:

 Spells                   Type           Power      Damage    Failure   Level
 Foxfire                  Conj/Fire      0%         2x1d4     86%         1
 Slow                     Hex            0%         N/A       86%         1
 Confusing Touch          Hex            0%         N/A       99%         3
 Gell's Gravitas          Tloc           0%         N/A       99%         3
 Inner Flame              Hex/Fire       0%         N/A       99%         3
 Kindle Blastsparks       Fire/Tloc/Air  0%         2d10      99%         3
 Lesser Beckoning         Tloc           0%         N/A       99%         3
 Teleport Other           Tloc           0%         N/A       99%         3
 Vampiric Draining        Necr           0%         2d6       99%         3
 Flame Wave               Conj/Fire      0%         2d4       100%        4

Inventory:

Hand Weapons
 a - a +3 rapier (weapon) {short}
 b - a +0 sling
   (You found it on level 1 of the Dungeon)
 g - a +6 great sword {long}
   (You took it off a wight in an ossuary)
 D - a +2 short sword of freezing {short}
   (You took it off a kobold on level 3 of the Dungeon)
Missiles
 d - 3 throwing nets {=f!fthrowing}
 e - a javelin {throwing}
 r - 19 stones {throwing}
 y - 6 poisoned darts {throwing}
Armour
 c - a +1 helmet (worn)
 h - a +0 leather armour
 i - a +0 leather armour
   (You found it on level 1 of the Dungeon)
 j - a +0 robe
   (You took it off a wight in an ossuary)
 k - a +0 pair of gloves (worn)
   (You found it on level 1 of the Dungeon)
 m - a +0 ring mail
   (You found it on level 1 of the Dungeon)
 o - a +0 pair of gloves
   (You found it on level 1 of the Dungeon)
 s - a +0 ring mail
   (You found it on level 2 of the Dungeon)
 w - a +0 leather armour
   (You took it off Robin on level 2 of the Dungeon)
 A - a +0 animal skin
   (You found it on level 2 of the Dungeon)
 B - +0 ice dragon scales (worn)
   (You found it on level 2 of the Dungeon)
 H - a +0 leather armour
   (You took it off an orc on level 3 of the Dungeon)
Jewellery
 t - a ring of protection from fire (left hand)
   (You found it on level 2 of the Dungeon)
Wands
 p - a wand of flame (18)
   (You found it in an ossuary)
 q - a wand of mindburst (15)
   (You found it in an ossuary)
Scrolls
 u - a scroll of vulnerability {!r!r}
 G - 2 scrolls of immolation {unknown}
 I - 2 scrolls of fog {unknown}
 J - a scroll of fear
 K - a scroll of teleportation {@r4}
 L - a scroll of identify {@r1}
 M - 3 scrolls of magic mapping {!r}
Potions
 f - a potion of haste {unknown}
 l - 3 potions of heal wounds {@q2}
 n - 2 potions of curing {@q1}
 v - a potion of attraction {!q}
 x - a potion of degeneration {!q@e2}
 z - 2 potions of brilliance
 C - a potion of mutation {!q}
 E - a potion of cancellation {unknown}
 F - a potion of lignification {!q}

Dungeon Overview and Level Annotations

Branches:
Dungeon (4/15) Zot: 20762  Temple (0/1) D:4         Ossuary (1/1) Zot: 5769

Altars:
Fedhas
Zin

#.............#
#.....###.#
#.....#z#.#
.###.....###.#
#.............#
#.............#
#.###.###.###.#
# #.#z#.#W#.#
#.+##.###.##@.#
#.............#
######'#######
#.# ###.###
#W▓.▓z# ###.###
#.# #'#


You could see a wraith.


Message History

The wraith drains your vigour!
You feel as though you will be slow longer.
The wraith hits you but does no damage.
Unknown command.
You barely miss the wraith. Your bite misses the wraith. The wraith hits you!
The wraith drains your vigour!
You feel as though you will be slow longer.
Unknown command.
You hit the wraith but do no damage. The wraith hits you. x2
The wraith drains your vigour!
You feel as though you will be slow longer.
Unknown command.
You completely miss the wraith. You bite the wraith, but do no damage.
The wraith closely misses you.
Unknown command.
You barely miss the wraith. The wraith barely misses you.
Unknown command.
You barely miss the wraith. The wraith hits you. x2
Unknown command.
You closely miss the wraith. You bite the wraith, but do no damage.
The wraith closely misses you.
Unknown command.
You hit the wraith. Your bite misses the wraith. The wraith closely misses you.
The wraith barely misses you.
Unknown command.
You barely miss the wraith. You bite the wraith, but do no damage.
The wraith hits you but does no damage.
Unknown command.
You hit the wraith. The wraith hits you. The wraith drains your vigour!
You feel as though you will be slow longer.
The wraith hits you but does no damage.
You hit the wraith but do no damage. The wraith hits you.
Unknown command.
You barely miss the wraith. The wraith hits you. The wraith drains your vigour!
You feel as though you will be slow longer.
You hit the wraith. The wraith hits you but does no damage.
The wraith hits you. The wraith drains your vigour!
You feel as though you will be slow longer.
Unknown command.
You barely miss the wraith. Your bite misses the wraith.
The wraith closely misses you.
Unknown command.
You hit the wraith but do no damage. You bite the wraith, but do no damage.
The wraith barely misses you. The wraith hits you but does no damage.
Unknown command.
You closely miss the wraith. You bite the wraith, but do no damage.
The wraith hits you. The wraith drains your vigour!
You feel as though you will be slow longer.
You hit the wraith. The wraith hits you!
Unknown command.
You puncture the wraith! You bite the wraith, but do no damage.
The wraith hits you! The wraith hits you but does no damage.
Unknown command.
You barely miss the wraith. You bite the wraith, but do no damage.
The wraith hits you.
Unknown command.
You hit the wraith. The wraith barely misses you. The wraith misses you.
Unknown command.
You barely miss the wraith. You bite the wraith, but do no damage.
The wraith hits you!
* * * LOW HITPOINT WARNING * * *
The wraith drains your vigour!
You feel as though you will be slow longer.
You hit the wraith. The wraith barely misses you. The wraith hits you.
You feel threatened and lose the ability to drink potions!
* * * LOW HITPOINT WARNING * * *
The wraith drains your vigour!
You feel as though you will be slow longer.
Unknown command.
You hit the wraith. The wraith closely misses you.
Unknown command.
You barely miss the wraith. The wraith hits you.
* * * LOW HITPOINT WARNING * * *
The wraith drains your vigour!
You feel as though you will be slow longer.
Unknown command.
You hit the wraith but do no damage. Your bite misses the wraith.
You can drink potions again.
The wraith closely misses you. The wraith hits you.
* * * LOW HITPOINT WARNING * * *
Unknown command.
You hit the wraith but do no damage. The wraith hits you!
* * * LOW HITPOINT WARNING * * *
The wraith drains your vigour!
You feel as though you will be slow longer.
Unknown command.
You barely miss the wraith. The wraith hits you!
You feel threatened and lose the ability to drink potions!
* * * LOW HITPOINT WARNING * * *
The wraith drains your vigour!
You feel as though you will be slow longer.
Unknown command.
You hit the wraith but do no damage. You bite the wraith, but do no damage.
The wraith barely misses you. The wraith hits you.
* * * LOW HITPOINT WARNING * * *
The wraith drains your vigour!
You feel as though you will be slow longer.
Unknown command.
You hit the wraith. Your bite misses the wraith. The wraith hits you!
You die...

Skill      XL: |  1  2  3  4  5  6 |
---------------+-------------------+-----
Short Blades   | 3 4 5 |  5.3
Stealth        | 1 3 4 5 |  5.0
Fighting       | |  1.7
Throwing       | |  1.7
Dodging        | |  2.4

Action                   |  1- 3 |  4- 6 || total
-------------------------+-------+-------++-------
Melee: Rapier            |    72 |   152 ||   224
       Bite              |    17 |    43 ||    60
       Punch             |     1 |       ||     1
 Fire: Sling             |    63 |    51 ||   114
  Use: Scroll            |       |    13 ||    13
       Potion            |       |     4 ||     4
 Stab: Sleeping          |       |     1 ||     1
Armor: Leather armour    |    17 |     1 ||    18
       Ice dragon scales |       |    52 ||    52
Dodge: Dodged            |    56 |    83 ||   139

Levels and vault maps discovered:
D:1:      lemuel_arrival_room, layout_basic,
          shapermc_ecumenical_altar_totnotflames
D:2:      layout_loops_ring, uniq_robin
D:3:      layout_basic, amethyst_overflow_temple_binary, st_stairs_4,
          corexii_item_surrounded_by_moat, kennysheep_decorative_pillar
D:4:      minmay_chambers_of_fours, layout_cave_pools, lemuel_temple_firewalk_b,
          lightli_ossuary_entry_decrepit_ruins
Ossuary:  ossuary_due_cavern

Notes
Turn   | Place    | Note
-------+----------+-------------------------------------------
     0 | D:1      | Sobieck the Vine Stalker Gladiator began the quest for the
                  | Orb.
     0 | D:1      | Reached XP level 1. HP: 11/11 MP: 2/2
    57 | D:1      | Reached skill level 3 in Short Blades
    70 | D:1      | Reached skill level 1 in Stealth
   297 | D:1      | Reached XP level 2. HP: 15/15 MP: 3/3
   347 | D:1      | Reached skill level 2 in Stealth
   414 | D:1      | Reached skill level 3 in Stealth
   414 | D:1      | Reached XP level 3. HP: 13/18 MP: 4/4
   603 | D:1      | You pick up a book of Debilitation and begin reading...
   603 | D:1      | You add the spells Slow, Vampiric Draining and Confusing
                  | Touch to your library.
   803 | D:1      | Found a faded altar of an unknown god.
   856 | D:1      | You pick up a book of Flames and begin reading...
   856 | D:1      | You add the spells Foxfire, Kindle Blastsparks, Inner Flame
                  | and Flame Wave to your library.
  1342 | D:2      | Noticed Robin
  1695 | D:2      | Killed Robin
  1696 | D:2      | Reached skill level 4 in Stealth
  1696 | D:2      | Gained mutation: Your natural rate of healing is unusually
                  | fast. [Vine Stalker growth]
  1696 | D:2      | Reached XP level 4. HP: 18/23 MP: 2/5
  2158 | D:3      | Reached skill level 5 in Stealth
  2416 | D:3      | You pick up a book of Displacement and begin reading...
  2416 | D:3      | You add the spells Lesser Beckoning, Gell's Gravitas and
                  | Teleport Other to your library.
  2492 | D:3      | Reached XP level 5. HP: 26/26 MP: 6/6
  2862 | D:3      | HP: 4/26 [scorpion (3)]
  2865 | D:3      | Reached skill level 4 in Short Blades
  2865 | D:3      | Gained mutation: You occasionally shout uncontrollably at
                  | your foes. [potion of mutation]
  2865 | D:3      | Gained mutation: You passively dampen the noise of your
                  | surroundings. [potion of mutation]
  2865 | D:3      | HP: 1/26 [poisoned by a scorpion]
  2895 | D:3      | Lost mutation: You occasionally shout uncontrollably at
                  | your foes. [potion of mutation]
  2895 | D:3      | Lost mutation: You passively dampen the noise of your
                  | surroundings. [potion of mutation]
  2895 | D:3      | Gained mutation: Your flesh is heat resistant. (rF+)
                  | [potion of mutation]
  2895 | D:3      | Gained mutation: Your mind is acute. (Int +4, Str/Dex -1)
                  | [potion of mutation]
  2895 | D:3      | Gained mutation: You occasionally lose the ability to drink
                  | potions when taking damage. [potion of mutation]
  2895 | D:3      | Gained mutation: You heal very quickly. [potion of
                  | mutation]
  3018 | D:3      | Found a glowing silver altar of Zin.
  3029 | D:3      | Found a blossoming altar of Fedhas.
  3175 | D:4      | Reached XP level 6. HP: 30/30 MP: 7/7
  3208 | D:4      | Found a sand-covered staircase.
  3220 | Ossuary  | Entered an ossuary
  3268 | Ossuary  | Reached skill level 5 in Short Blades
  3350 | Ossuary  | Noticed a wraith
  3350 | Ossuary  | Noticed a flying skull
  3356 | Ossuary  | Noticed a flying skull
  3360 | Ossuary  | Noticed a flying skull
  3361 | Ossuary  | Noticed a flying skull
  3389 | Ossuary  | Noticed a wraith
  3431 | Ossuary  | HP: 7/30 [wraith (7)]
  3432 | Ossuary  | HP: 2/30 [wraith (7)]
  3434 | Ossuary  | Slain by a wraith

Vanquished Creatures
  A scorpion (D:3)
  A wight (Ossuary)
  A hound (D:4)
  An iguana (D:3)
  Robin (D:2)
  3 gnolls (D:4)
  3 adders
  2 adder zombies (Ossuary)
  A dart slug (D:1)
  2 orcs
  7 ball pythons
  5 endoplasms
  A giant cockroach (D:3)
  8 goblins
  13 hobgoblins
  7 jackals (D:1)
  5 quokkas
  3 bats
  2 frilled lizards
  2 hobgoblin skeletons (Ossuary)
  A hobgoblin zombie (Ossuary)
  3 kobolds
  4 orc zombies (Ossuary)
  8 rats
85 creatures vanquished.

Table legend:
 A = Non-vault XP
 B = Vault XP
 C = Vault XP percentage of total XP
 D = Non-vault monster count
 E = Vault monster count
 F = Vault count percentage of total count
                 A         B        C        D         E       F
            +---------+---------+-------+---------+---------+-------
      Total |     338 |     133 |  28.2 |      63 |      22 |  25.9
            +---------+---------+-------+---------+---------+-------
        D:1 |      58 |       0 |   0.0 |      33 |       0 |   0.0
        D:2 |      11 |      30 |  73.2 |       7 |       8 |  53.3
        D:3 |     169 |       7 |   4.0 |      17 |       4 |  19.0
        D:4 |     100 |       0 |   0.0 |       6 |       0 |   0.0
    Ossuary |       0 |      96 | 100.0 |       0 |      10 | 100.0
            +---------+---------+-------+---------+---------+-------

Illustrated notes

Table legend:
 A = Kills in this place as a percentage of kills in entire the game.
 B = Kills by you in this place as a percentage of kills by you in the entire game.
 C = Kills by friends in this place as a percentage of kills by friends in the entire game.
 D = Other kills in this place as a percentage of other kills in the entire game.
 E = Experience gained in this place as a percentage of experience gained in the entire game.
 F = Experience gained in this place divided by the number of levels of this place that you have seen.
                   A       B       C       D       E      F
               +-------+-------+-------+-------+-------+----------------------
         Total | 100.0 | 100.0 |   N/A |   N/A | 100.0 |  94.2
       Dungeon |  88.2 |  88.2 |   N/A |   N/A |  79.6 |  93.8
       Ossuary |  11.8 |  11.8 |   N/A |   N/A |  20.4 |  96.0
               +-------+-------+-------+-------+-------+----------------------

Table legend: (Time is in decaauts)
 A = Elapsed time spent in this place.
 B = Non-inter-level travel time spent in this place.
 C = Inter-level travel time spent in this place.
 D = Time resting spent in this place.
 E = Time spent auto-exploring this place.
 F = Levels seen in this place.
 G = Mean time per level.
                   A        B        C        D        E       F      G
               +--------+--------+--------+--------+--------+-----+--------+
         Total |   3466 |   3400 |     66 |    574 |   2001 |   5 |  693.2 |
       Dungeon |   3237 |   3171 |     66 |    550 |   2001 |   4 |  809.2 |
       Ossuary |    229 |    229 |      0 |     24 |      0 |   1 |  229.0 |
               +--------+--------+--------+--------+--------+-----+--------+

Top non-repeatable levels by time:
     D:1: 1229 daAuts
     D:3: 1029 daAuts
     D:2: 902 daAuts
 Ossuary: 229 daAuts
     D:4: 76 daAuts
